Map: [ESL] Cosmic Sapphire

Players

Lambo

  • Race: Zerg Zerg
  • Spawn Location: 11:00

SKillous - Winner!

  • Race: Protoss Protoss
  • Spawn Location: 5:00

Event: DreamHack SC2 Masters 2022 Atlanta (Online)

VOD

Have the link to the VOD?

Description

Time

  • Played on: Oct. 7, 2022, 1:50 p.m.
  • Length: 7:08

All games in this series

Show
View Real Time Build Order
Export as new Build Order

Lambo Zerg 

Build Orders: Hatch First 

Get SALT Encoding   

  12  0:00  Drone  
  13  0:12  Overlord  
  13  0:17  Drone  
  14  0:30  Drone x2  
  16  0:49  Hatchery  
  15  0:51  Drone  
  15  0:54  Drone  
  17  0:58  Drone  
  18  1:09  Extractor  
  17  1:13  Spawning Pool  
  17  1:16  Drone  
  17  1:19  Drone  
  18  1:27  Drone  
  19  1:39  Drone  
  20  1:50  Drone  
  21  2:00  Queen x2  
  26  2:01  Zergling x2  
  26  2:02  Overlord  
  26  2:10  Metabolic Boost  
  26  2:15  Drone x2  
  28  2:24  Drone x2  
  30  2:32  Drone x2  
  32  2:39  Hatchery  
  32  2:44  Drone, Overlord  
  32  2:48  Queen  
  34  2:54  Drone  
  34  2:55  Drone  
  36  3:03  Queen  
  38  3:10  Drone x5  
  38  3:12  Drone  
  44  3:14  Overlord  
  44  3:28  Overlord  
  46  3:36  Drone x3, Roach Warren  
  46  3:37  Drone, Extractor  
  46  3:38  Extractor  
  45  3:42  Drone x4  
  49  3:51  Overlord  
  49  3:54  Overlord  
  49  3:55  Overlord  
  49  4:05  Overlord  
  49  4:10  Evolution Chamber  
  49  4:16  Roach x8  
  64  4:20  Roach x2  
  69  4:26  Roach  
  69  4:27  Roach  
  69  4:31  Roach  
  74  4:32  Zergling x6  
  74  4:35  Overlord  
  74  4:37  Zergling x2  
  78  4:40  Zergling x4  
  78  4:44  Ravager  
  78  4:45  Overlord  
  81  4:46  Zergling x2  
  81  4:49  Ravager  
  81  4:51  Zergling x4  
  85  4:53  Zergling x2  
  85  4:56  Zergling x2  
  85  4:57  Zergling x4  
  85  4:58  Ravager  
  90  5:02  Spore Crawler  
  90  5:03  Spore Crawler  
  90  5:06  Spore Crawler  
  87  5:10  Zergling x4  
  83  5:23  Lair  
  66  5:32  Roach x4  
  67  5:38  Roach  
  65  5:43  Zergling x8, Roach  
  65  5:46  Roach  
  71  5:51  Roach  
  71  5:52  Zergling x2  
  71  5:53  Zergling x2  
  71  5:56  Zergling x4  
  77  5:59  Zergling x2  
  77  6:02  Zergling x4  
  81  6:04  Zergling x2  
  81  6:06  Zergling x2  
  81  6:08  Ravager x2  
  85  6:11  Zergling x4  
  85  6:14  Roach  
  85  6:16  Zergling x2  
  89  6:21  Ravager  
  89  6:23  Zergling x6  
  89  6:25  Overseer  
  93  6:27  Zergling x2  
  90  6:33  Zergling x6  
  90  6:37  Zergling x4  
  93  6:42  Zergling x6  
  93  6:45  Zergling x2  
  93  6:46  Zergling x2  
Show
View Real Time Build Order
Export as new Build Order

SKillous Protoss - Winner!

Build Orders: Nexus First, Phoenix Opening, Zealot Archon, Dark Templar Rush 

Get SALT Encoding   

  12  0:00  Probe  
  13  0:12  Probe  
  14  0:20  Pylon  
  14  0:24  Probe  
  15  0:38  Probe  
  16  0:50  Probe  
  17  0:57  Nexus  
  17  1:09  Gateway  
  17  1:10  Probe (Chrono Boost)  
  18  1:16  Assimilator  
  18  1:20  Probe (Chrono Boost)  
  18  1:24  Assimilator  
  18  1:25  Probe (Chrono Boost)  
  20  1:33  Pylon  
  20  1:37  Probe (Chrono Boost)  
  21  1:42  Probe (Chrono Boost)  
  22  1:51  Probe  
  23  1:56  Cybernetics Core  
  23  1:58  Zealot  
  25  2:06  Probe (Chrono Boost)  
  26  2:09  Probe (Chrono Boost)  
  27  2:18  Probe (Chrono Boost)  
  27  2:19  Probe (Chrono Boost)  
  29  2:23  Probe (Chrono Boost)  
  29  2:27  Probe  
  31  2:31  Sentry (Chrono Boost)  
  31  2:33  Warp Gate  
  31  2:35  Probe  
  31  2:36  Twilight Council  
  34  2:40  Probe  
  35  2:47  Probe  
  35  2:48  Adept  
  38  2:52  Probe  
  39  2:59  Probe  
  39  3:04  Probe  
  41  3:07  Nexus  
  41  3:11  Probe  
  42  3:13  Pylon  
  42  3:16  Probe (Chrono Boost)  
  43  3:20  Dark Shrine  
  43  3:24  Probe (Chrono Boost)  
  44  3:29  Probe (Chrono Boost)  
  44  3:30  Phoenix  
  44  3:32  Shield Battery  
  44  3:33  Probe (Chrono Boost)  
  46  3:35  Gateway  
  46  3:37  Probe (Chrono Boost)  
  46  3:38  Probe  
  48  3:45  Assimilator  
  48  3:47  Assimilator  
  48  3:49  Probe  
  48  3:52  Forge  
  48  3:54  Probe  
  50  4:00  Pylon  
  50  4:01  Probe  
  51  4:04  Gateway  
  51  4:06  Gateway  
  51  4:08  Probe (Chrono Boost)  
  53  4:18  Probe (Chrono Boost)  
  53  4:20  Probe (Chrono Boost)  
  53  4:21  Probe (Chrono Boost)  
  55  4:27  Protoss Ground Weapons Level 1 (Chrono Boost)  
  55  4:28  Probe (Chrono Boost)  
  55  4:29  Probe (Chrono Boost)  
  55  4:30  Probe (Chrono Boost), Blink  
  58  4:34  Dark Templar  
  58  4:35  Probe  
  58  4:37  Dark Templar  
  63  4:39  Probe x2  
  65  4:47  Probe  
  65  4:48  Pylon  
  65  4:49  Robotics Facility  
  65  4:51  Probe  
  65  4:52  Probe  
  68  4:59  Probe  
  69  5:01  Dark Templar  
  69  5:02  Stalker  
  69  5:03  Probe  
  74  5:07  Dark Templar  
  74  5:09  Shield Battery  
  76  5:15  Probe (Chrono Boost)  
  76  5:18  Dark Templar  
  76  5:20  Probe (Chrono Boost)  
  75  5:23  Probe (Chrono Boost)  
  75  5:27  Probe (Chrono Boost)  
  66  5:32  Probe (Chrono Boost)  
  66  5:33  Probe (Chrono Boost)  
  66  5:34  Probe (Chrono Boost)  
  66  5:35  Pylon  
  62  5:37  Probe (Chrono Boost)  
  62  5:38  Probe (Chrono Boost)  
  62  5:39  Observer  
  62  5:41  Probe  
  66  5:46  Probe  
  66  5:48  Stalker x2  
  66  5:49  Probe  
  72  5:53  Probe, Stalker  
  75  5:58  Gateway, Probe  
  75  6:00  Gateway  
  75  6:01  Photon Cannon, Pylon  
  75  6:02  Probe  
  77  6:06  Probe  
  77  6:11  Probe  
  79  6:13  Archon x2  
  79  6:14  Gateway  
  79  6:15  Gateway, Stalker  
  81  6:21  Sentry x2  
  81  6:24  Stalker  
  92  6:34  Assimilator  
  92  6:38  Stalker, Assimilator  
  91  6:40  Shield Battery  
  91  6:41  Shield Battery  
  91  6:46  Gateway  
Tags
 
Add a new tag
Caveats
  • Supply blocks, unpowered buildings, or Contaminate may cause inaccurate times.
  • Supply counts are checked every 10 seconds.